AoeStats
← FC_M@sTer

Nomad

508364946Analyzed
3v3 RM · 11d ago on Sep 22, 2026· 29m 52s· 6 players
Game mode
Random Map
Map size
210×210
Population
200
Speed
Normal
Resources
Standard
Victory
Conquest
Starting age
Dark Age
Ending age
Imperial Age
RankedLock teamsTeams togetherTeam positionsShared explorationLock speedFull tech treeHidden civsTurbo modeCheats
Victory
Defeat
1289
+12
🇵🇪 Franks · Peru
1197
+16
🇵🇪 Chinese · Peru
1187
+17
🇨🇴 Tupi · Colombia
1385
-21
1297
-18
🇨🇴 Franks · Colombia
935
-6
FC_M@sTer
4:05 Loom
13:39 Feudal Age
17:30 Castle Age
15:43 Double-Bit Axe
16:48 Stone Mining
23:11 Fletching
25:01 Padded Archer Armor
FC_Satuplese
4:13 Loom
13:57 Feudal Age
22:58 Wheelbarrow
30:29 Castle Age
FC_Proyecto_El_Conquistador_X
12:41 Loom
14:52 Feudal Age
15:42 Double-Bit Axe
21:04 Fletching
24:25 Castle Age
23:45 Horse Collar
25:58 Bow Saw
27:20 Bodkin Arrow
28:35 Crossbowman
El gato feroz
3:14 Loom
16:39 Feudal Age
18:25 Double-Bit Axe
21:54 Castle Age
22:23 Scale Barding Armor
23:33 Chain Barding Armor
26:50 Bow Saw
29:36 Gold Mining
ubertorresr
3:05 Loom
13:46 Feudal Age
15:37 Fishing Lines
20:47 Castle Age
19:27 Forging
20:59 Scale Barding Armor
✪♛ Chapulin el dulce
4:34 Loom
14:01 Feudal Age
14:54 Double-Bit Axe
17:58 Gold Mining
21:36 Castle Age
20:13 Scale Barding Armor
22:59 Chain Barding Armor
26:49 Husbandry
27:51 Bloodlines
Connection lost

Rejoining the realm…

Still unreachable

The connection could not be restored.

Session expired

The server has moved on; the page needs a fresh start.